 Dungeon Crawl Stone Soup version 0.30-a0-190-g22c9a3c0ff (webtiles) character file.

Game seed: 9776224929379040938

4 Morbidden the Covered (level 1, 19/19 HPs)
             Began as an Armataur Fighter on Oct 4, 2022.
             Quit the game on level 1 of the Dungeon.
             The game lasted 00:00:06 (79 turns).

Morbidden the Covered (Armataur Fighter)              Turns: 79, Time: 00:00:07

Health: 19/19      AC:  7    Str: 21    XL:     1   Next: 50%
Magic:  1/1        EV:  7    Int:  8    God:
Gold:   55         SH:  4    Dex:  9    Spells: 0/0 levels left

rFire   . . .      SeeInvis .    a - +0 long sword
rCold   . . .      Faith    .    c - +0 buckler
rNeg    . . .      Spirit   .    b - +0 scale mail
rPois   .          Reflect  .    (no helmet)
rElec   .          Harm     .    (no cloak)
rCorr   .          Roll     +    (no gloves)
Will    .....                    (no barding)
Stlth   ..........               (no amulet)
HPRegen 0.23/turn                (no ring)
MPRegen 0.07/turn                (no ring)

@: no status effects
A: large, rugged brown scales 3, deformed body, armoured tail, roll, long
tongue, awkward tongue
a: no special abilities


You were on level 1 of the Dungeon.
You visited 1 branch of the dungeon, and saw 1 of its levels.

You collected 55 gold pieces.

Inventory:

Hand Weapons
 a - a +0 long sword (weapon)
Armour
 b - a +0 scale mail (worn)
 c - a +0 buckler (worn)
Potions
 d - a potion of might


   Skills:
 + Level 2.7 Fighting
 + Level 1.8 Long Blades
 + Level 3.7 Armour
 + Level 3.3 Shields


You couldn't memorise any spells.
You didn't know any spells.
Your spell library contained the following spells:

 Spells                   Type           Power      Damage    Failure   Level
 Ensorcelled Hibernation  Hex/Ice        0%         N/A       91%         2
 Passwall                 Tmut/Erth      0%         N/A       91%         2
 Swiftness                Air            0%         N/A       99%         3


Dungeon Overview and Level Annotations

Branches:
Dungeon (1/15)

Altars:


Innate Abilities, Weirdness & Mutations

You are completely covered in rugged brown scales. (AC +3, +7% HP)
Armour fits poorly on your strangely shaped body.
You have a long armoured tail.
You roll when moving toward enemies. (Rampage)
Your long tongue fully drains potion bottles. (2x potion effects)
Your tongue gives you trouble enunciating. (1.5x scroll delay)


Message History

A giant cockroach comes into view.
You see here 12 gold pieces.
There are monsters nearby!
You roll towards the hobgoblin!
There are monsters nearby!
You barely miss the hobgoblin.
A goblin comes into view. It is wielding a +0 club.
The hobgoblin barely misses you.
The giant cockroach bites you but does no damage.
You completely miss the hobgoblin.
The goblin shouts!
The giant cockroach bites you but does no damage.
The hobgoblin hits you.
There are monsters nearby!
You slash the hobgoblin!
You kill the hobgoblin!
The giant cockroach bites you but does no damage. x2
There are monsters nearby!
You hit the giant cockroach. You tail-slap the giant cockroach.
You kill the giant cockroach!
A goblin is nearby!
You roll towards the goblin!
The goblin hits you with a +0 club.
A goblin is nearby!
You closely miss the goblin. The goblin hits you with a +0 club.
You closely miss the goblin. You block the goblin's attack.
You slash the goblin!
You kill the goblin!
No target in view!
No target in view!
No target in view!
HP restored.
You see here a giant cockroach corpse.
You now have 30 gold pieces (gained 19).
You pick up a book of Burglary and begin reading...
You add the spells Passwall, Ensorcelled Hibernation and Swiftness to your library.
You now have 43 gold pieces (gained 13).
You now have 55 gold pieces (gained 12).
Found 6 stones.
Found a sling.
Are you sure you want to abandon this character and quit the game? (Confirm with "yes".)

#. #.## #..# # #.###
#.. #...### ...#
#.#...##.....
#####.........# ...
#........@..#
...#####.##.####.###
.........#..# #.#
.........#..# #..
..##....#...# )...
...........## .##.#
.........### . .#
..)......## .. .#
....##....####.


There were no monsters in sight!

Vanquished Creatures
  A giant cockroach (D:1)
  A goblin (D:1)
  A hobgoblin (D:1)
3 creatures vanquished.

Notes
Turn   | Place    | Note
-------+----------+-------------------------------------------
     0 | D:1      | Morbidden the Armataur Fighter began the quest for the Orb.
     0 | D:1      | Reached XP level 1. HP: 19/19 MP: 1/1
    79 | D:1      | Quit the game

Illustrated notes

Levels and vault maps discovered:
D:1:      minmay_arrival_checkered_box, layout_rooms,
          hellmonk_ecumenical_altar_watching_god,
          wander_ebering_terrifying_dragon_lair

Action                   || total
-------------------------++-------
Melee: Long sword        ||     7
       Tailslap          ||     1
Armor: Scale mail        ||     4
Dodge: Dodged            ||     1
Block: Buckler           ||     1

Table legend: (Time is in decaauts)
 A = Elapsed time spent in this place.
 B = Non-inter-level travel time spent in this place.
 C = Inter-level travel time spent in this place.
 D = Time resting spent in this place.
 E = Time spent auto-exploring this place.
 F = Levels seen in this place.
 G = Mean time per level.
                   A        B        C        D        E       F      G
               +--------+--------+--------+--------+--------+-----+--------+
         Total |     81 |     81 |      0 |      0 |     63 |   1 |   81.0 |
       Dungeon |     81 |     81 |      0 |      0 |     63 |   1 |   81.0 |
               +--------+--------+--------+--------+--------+-----+--------+

Top non-repeatable levels by time:
     D:1: 81 daAuts
